 Dungeon Crawl Stone Soup version 0.29-a0-275-g389c0b56f3 (webtiles) character file.

Game seed: 2758255280659078674

3409 spaghetti the Fighter (level 9, -2/71 (79) HPs)
             Began as a Demonspawn Berserker on Mar 9, 2022.
             Was a Priest of Trog.
             Slain by a wight
             ... wielding a +5 halberd of freezing
              (3 damage)
             ... on level 8 of the Dungeon.
             The game lasted 00:15:26 (7829 turns).

spaghetti the Fighter (Demonspawn Berserker)        Turns: 7829, Time: 00:15:27

HP:   -2/71 (79)    AC: 14    Str: 25    XL:     9   Next: 75%
MP:   27/27         EV:  9    Int: 12    God:    Trog [***...]
Gold: 380           SH:  0    Dex:  9    Spells: 8/8 levels left

rFire   + . .      SeeInvis .   a - +6 mace "Cufuc" {flame, +Blink rF+ Str+4 Dex-5, mace}
rCold   . . .      Faith    .   (no shield)
rNeg    . . .      Spirit   .   k - +0 plate armour
rPois   .          Reflect  .   (no helmet)
rElec   .          Harm     .   q - +0 cloak
rCorr   .          Rampage  .   (no gloves)
Will    .....                   v - +2 pair of boots
Stlth   ..........              t - amulet of magic regeneration {@e2}
HPRegen 0.21/turn               r - ring of magical power
MPRegen 0.60/turn               l - ring of magical power

@: on berserk cooldown, hasted and slowed, heavily drained
A: hooves 2, powered by death 1, big brain 2, demonic magic 1
a: Renounce Religion, Evoke Blink, Berserk, Trog's Hand


You were on level 8 of the Dungeon.
You worshipped Trog.
Trog was most pleased with you.
You visited 1 branch of the dungeon, and saw 8 of its levels.

You collected 380 gold pieces.


Innate Abilities, Weirdness & Mutations

You have hoof-like feet.
You regenerate a little health from kills.
You have an extremely huge brain. (Int +4)
Spells you cast may paralyse adjacent enemies.


   Skills:
 + Level 10.5 Fighting
 - Level 2.6 Long Blades
 - Level 1.7 Armour
 + Level 9.1 Dodging


You had 8 spell levels left.
You didn't know any spells.
Your spell library contained the following spells:

 Spells                   Type           Power      Damage    Failure   Level
 Animate Skeleton         Necr           0%         N/A       99%         1
 Magic Dart               Conj           0%         1d3       99%         1
 Pain                     Necr           0%         1d4       99%         1
 Searing Ray              Conj           0%         2d4       100%        2
 Vampiric Draining        Necr           0%         2d6       100%        3
 Fulminant Prism          Conj/Hex       0%         3d6       100%        4

Inventory:

Hand Weapons
 a - the +6 mace "Cufuc" (weapon) {flame, +Blink rF+ Str+4 Dex-5, mace}
   (You found it on level 6 of the Dungeon)

   It burns those it strikes, dealing additional fire damage.
   Str:       It affects your strength (+4).
   Dex:       It affects your dexterity (-5).
   rF:        It protects you from fire.
   +Blink:    It lets you blink.
 b - a +0 arbalest {crossbow}
   (You found it on level 6 of the Dungeon)
Missiles
 g - 241 stones (quivered) {throwing}
 i - 11 poisoned darts {throwing}
 y - 6 boomerangs {throwing}
 C - 3 throwing nets {=f!fthrowing}
Armour
 k - a +0 plate armour (worn)
   (You found it on level 2 of the Dungeon)
 q - a +0 cloak (worn)
   (You took it off Crazy Yiuf on level 6 of the Dungeon)
 v - a +2 pair of boots (worn)
   (You found it on level 3 of the Dungeon)
Magical Staves
 d - a staff of poison {forbidden!astaff}
   (You found it on level 1 of the Dungeon)
Jewellery
 l - a ring of magical power (right hand)
   (You found it on level 2 of the Dungeon)
 r - a ring of magical power (left hand)
   (You found it on level 3 of the Dungeon)
 t - an amulet of magic regeneration (around neck) {@e2}
   (You found it on level 5 of the Dungeon)
 D - a ring of magical power
   (You found it on level 7 of the Dungeon)
Wands
 w - a wand of flame (13)
   (You took it off Sigmund on level 6 of the Dungeon)
 x - a wand of polymorph (10)
   (You found it on level 7 of the Dungeon)
 B - a wand of mindburst (3)
   (You took it off an orc wizard on level 7 of the Dungeon)
Scrolls
 e - a scroll of silence {!r}
 f - a scroll of amnesia
 h - 2 scrolls of magic mapping {!r}
 m - 3 scrolls of teleportation {@r4}
 n - 4 scrolls of identify {@r1}
 p - a scroll of vulnerability {!r!r}
 z - a scroll of immolation {unknown}
Potions
 c - 2 potions of brilliance {unknown}
 j - a potion of ambrosia {unknown}
 o - 2 potions of lignification {!q}
 s - 2 potions of degeneration {unknown}
 u - a potion of might {unknown}
 A - a potion of curing {@q1}
 E - a potion of haste {@q3}

Dungeon Overview and Level Annotations

Branches:
Dungeon (8/15)             Temple (0/1) D:7
   Lair: D:8-11

Altars:
Elyvilon
Hepliaklqana
Qazlal
Trog
Xom
The Shining One

..#..####.......##....
.....##..........#......
..##......##............
.. #.##...##...........
. ..#..........###... #
...........####.##.#
....##.#..!..#Z....#
.... ###....z#Z....#
#.....)@5Z_..+
.......)#Z.....#
...#...z#.......#
..###...####+###. ..
.....# ..##.. .. ... ..


You could see 2 wights, a shadow imp, a hobgoblin zombie, a kobold zombie and 2
orc zombies.


Message History

Your life force feels restored. 😮 HP[+2]
You now have 118 max hp (+1).
You regained 2 hp, and now have 86/118 hp.
You barely miss the wight.
A kobold zombie comes into view.
The wight barely misses you.
The shadow imp hits you but does no damage.
The wight completely misses you. The orc zombie hits you.
The wight hits you but does no damage. 😮 HP[+1]
You hit the wight. You burn the wight.
The hobgoblin zombie barely misses you. 😕 HP[+2]
You regained 2 hp, and now have 89/118 hp.
You barely miss the wight. The wight hits you with a +0 scimitar!
You feel drained. The wight closely misses you.
The wight hits you from afar with a +5 halberd of freezing!
The wight freezes you.
The shadow imp hits you but does no damage.
The orc zombie barely misses you.
The hobgoblin zombie barely misses you. 😮 HP[-20]
You now have 115 max hp (-3).
You take 20 damage, and now have 69/115 hp.
You barely miss the wight. The wight misses you.
The wight hits you but does no damage.
The shadow imp hits you but does no damage.
The wight hits you from afar with a +5 halberd of freezing!
You feel drained. The wight freezes you. The orc zombie barely misses you.
The hobgoblin zombie closely misses you. 😮 HP[-8]
You now have 112 max hp (-3).
You take 8 damage, and now have 61/112 hp.
You barely miss the wight. The wight hits you but does no damage.
The wight hits you with a +0 great sword.
You feel drained. The wight barely misses you.
The shadow imp hits you but does no damage.
The orc zombie hits you but does no damage.
The hobgoblin zombie hits you but does no damage. 😮 HP[-5]
You now have 111 max hp (-1).
You take 5 damage, and now have 56/111 hp.
You sock the wight! You burn the wight.
You are no longer berserk.
You are exhausted.
You feel yourself slow down. The wight hits you but does no damage.
The wight barely misses you. The shadow imp barely misses you.
The wight hits you but does no damage. 😮 HP[-18]
You now have 74 max hp (-37).
You closely miss the wight. The wight barely misses you.
The shadow imp hits you. The wight closely misses you. x2
The orc zombie hits you but does no damage.
The hobgoblin zombie barely misses you.
The wight hits you from afar with a +5 halberd of freezing.
* * * LOW HITPOINT WARNING * * *
The wight freezes you.
* * * LOW HITPOINT WARNING * * *
The shadow imp hits you but does no damage.
The wight hits you but does no damage. The wight barely misses you.
The orc zombie hits you but does no damage.
The hobgoblin zombie hits you but does no damage. 😨 HP[-6]
You take 6 damage, and now have 32/74 hp.
You sock the wight! You burn the wight.
You destroy the wight!
Trog accepts your kill.
The wight hits you with a +0 great sword!
* * * LOW HITPOINT WARNING * * *
The wight hits you from afar with a +5 halberd of freezing.
* * * LOW HITPOINT WARNING * * *
You feel drained.
* * * LOW HITPOINT WARNING * * *
The wight freezes you.
* * * LOW HITPOINT WARNING * * *
The shadow imp barely misses you. The orc zombie barely misses you.
The hobgoblin zombie closely misses you.
The shadow imp hits you.
* * * LOW HITPOINT WARNING * * *
The wight hits you but does no damage. The wight barely misses you.
The orc zombie hits you but does no damage.
The hobgoblin zombie barely misses you. 😱 HP[-20]
You now have 73 max hp (-1).
You take 20 damage, and now have 12/73 hp.
MASSIVE DAMAGE!! (PAUSE)
You feel yourself speed up. The wight barely misses you.
The shadow imp hits you but does no damage.
The wight closely misses you.
The shadow imp hits you but does no damage.
The wight closely misses you.
The orc zombie hits you but does no damage.
The wight hits you from afar with a +5 halberd of freezing!
* * * LOW HITPOINT WARNING * * *
You feel drained.
* * * LOW HITPOINT WARNING * * *
The wight freezes you.
You die...

Skill      XL: |  1  2  3  4  5  6  7  8  9 |
---------------+----------------------------+-----
Dodging        | 2 3 4 6 7 9 |  9.1
Fighting       | 4 6 7 9 10 | 10.5
Long Blades    | |  2.6
Armour         | |  1.7

Action                   |  1- 3 |  4- 6 |  7- 9 || total
-------------------------+-------+-------+-------++-------
Melee: Falchion          |    25 |       |       ||    25
       Dagger            |    66 |    72 |       ||   138
       Kick              |    14 |    12 |       ||    26
       Trident           |       |    30 |   183 ||   213
       Punch             |       |     1 |     4 ||     5
       Mace              |       |       |   129 ||   129
 Fire: Arbalest          |       |       |     8 ||     8
Throw: Stone             |       |     4 |     3 ||     7
Invok: Berserk           |     2 |     5 |    12 ||    19
       Trog's Hand       |       |     1 |       ||     1
  Use: Scroll            |       |     8 |     4 ||    12
       Potion            |       |     3 |     3 ||     6
 Stab: Sleeping          |     3 |       |       ||     3
Armor: Animal skin       |    13 |       |       ||    13
       Plate armour      |     3 |    67 |   231 ||   301
       Skin              |       |       |     8 ||     8
Dodge: Dodged            |    57 |    33 |   177 ||   267

Levels and vault maps discovered:
D:1:      arrival_zaba_pyramid, layout_basic, shapermc_ecumenical_altar_gd,
          minmay_lizard_king
D:2:      layout_basic, basic_altar, minmay_misc_feat_chi
D:3:      layout_basic, kennysheep_generic_room_2, uniq_grinder
D:4:      layout_loops_ring, amethyst_overflow_temple_binary,
          mainiacjoe_overflow_surrounded_room, minmay_fractal_squares_gapless_5
D:5:      layout_rooms, gup_sewer_entry_pipe
D:6:      cheibrodos_iron_armory, layout_gridville, uniq_eustachio,
          uniq_crazy_yiuf_cottage, uniq_sigmund
D:7:      layout_basic, mainiacjoe_overflow_alcove_4,
          minmay_temple_entry_glassed_door, serial_corexii_hall,
          chequers_hall_statues_corner_a, chequers_hall_statues_wall_a,
          uniq_menkaure
D:8:      layout_cave_pools, lemuel_coloured_pillars_altar,
          nicolae_tso_besieged_by_evil

Notes
Turn   | Place    | Note
-------+----------+-------------------------------------------
     0 | D:1      | spaghetti the Demonspawn Berserker began the quest for the
                  | Orb.
     0 | D:1      | Reached XP level 1. HP: 18/18 MP: 1/1
     0 | D:1      | magus.rc [v1.9.6]
    16 | D:1      | You pick up a book of Conjurations {forbidden@e2} and begin
                  | reading...
    16 | D:1      | You add the spells Magic Dart, Searing Ray and Fulminant
                  | Prism to your library.
   265 | D:1      | Gained mutation: You have large cloven feet. [demonic
                  | ancestry]
   265 | D:1      | Reached XP level 2. HP: 20/24 MP: 2/2
   419 | D:1      | Found a faded altar of an unknown god.
   535 | D:1      | Reached skill level 2 in Dodging
   591 | D:1      | Reached ** piety under Trog
   597 | D:1      | Reached skill level 4 in Fighting
   600 | D:1      | Reached XP level 3. HP: 22/30 MP: 3/3
   611 | D:1      | HP: 7/30 [goblin/+0 club (2)]
  1620 | D:2      | Found a stormy altar of Qazlal.
  1644 | D:2      | Gained mutation: You have hoof-like feet. [demonic
                  | ancestry]
  1644 | D:2      | Reached XP level 4. HP: 38/38 MP: 4/4
  1731 | D:2      | You pick up a book of Necromancy {forbidden} and begin
                  | reading...
  1731 | D:2      | You add the spells Pain, Animate Skeleton and Vampiric
                  | Draining to your library.
  2404 | D:3      | Reached skill level 3 in Dodging
  2410 | D:3      | Gained mutation: Spells you cast may paralyse adjacent
                  | enemies. [demonic ancestry]
  2410 | D:3      | Reached XP level 5. HP: 25/43 MP: 5/5
  2413 | D:3      | Reached skill level 5 in Fighting
  2830 | D:3      | Noticed Grinder
  2862 | D:3      | Killed Grinder
  2863 | D:3      | Reached skill level 6 in Fighting
  2863 | D:3      | Reached skill level 4 in Dodging
  2863 | D:3      | Gained mutation: You regenerate a little health from kills.
                  | [demonic ancestry]
  2863 | D:3      | Reached XP level 6. HP: 40/52 MP: 6/6
  3081 | D:4      | Gained mutation: You have an unusually large brain. (Int
                  | +2) [demonic ancestry]
  3081 | D:4      | Reached XP level 7. HP: 57/58 MP: 7/7
  3375 | D:4      | Reached skill level 5 in Dodging
  3404 | D:4      | Reached *** piety under Trog
  3820 | D:4      | Found a hazy altar of Hepliaklqana.
  3828 | D:4      | Found a bloodstained altar of Trog.
  4014 | D:5      | Entered Level 5 of the Dungeon
  4229 | D:5      | Reached skill level 7 in Fighting
  4436 | D:5      | Reached skill level 6 in Dodging
  4436 | D:5      | Gained mutation: You have an extremely huge brain. (Int +4)
                  | [demonic ancestry]
  4436 | D:5      | Reached XP level 8. HP: 67/67 MP: 8/8
  4698 | D:5      | Found a glowing drain.
  4912 | D:6      | Noticed Sigmund
  4952 | D:6      | Killed Sigmund
  4953 | D:6      | Reached skill level 8 in Fighting
  5052 | D:6      | Noticed Eustachio
  5060 | D:6      | Killed Eustachio
  5198 | D:6      | Found a runed translucent door.
  5205 | D:6      | Reached skill level 7 in Dodging
  5258 | D:6      | Noticed Crazy Yiuf
  5285 | D:6      | Killed Crazy Yiuf
  5348 | D:6      | Identified the +6 mace "Cufuc" {flame, +Blink rF+ Str+4
                  | Dex-5}
  5964 | D:7      | Reached skill level 9 in Fighting
  5969 | D:7      | Reached XP level 9. HP: 59/76 MP: 9/9
  6085 | D:7      | Reached **** piety under Trog
  6241 | D:7      | Noticed a cyclops
  6248 | D:7      | HP: 22/114 [cyclops (12)]
  6251 | D:7      | Killed a cyclops
  6252 | D:7      | Reached skill level 8 in Dodging
  6767 | D:7      | Found a shimmering altar of Xom.
  6940 | D:7      | Found a staircase to the Ecumenical Temple.
  7050 | D:7      | Noticed Menkaure
  7054 | D:7      | Killed Menkaure
  7113 | D:7      | Reached skill level 10 in Fighting
  7759 | D:8      | Reached skill level 9 in Dodging
  7828 | D:8      | HP: 17/74 [wight/+5 halberd of freezing (4)]
  7829 | D:8      | HP: 5/73 [wight/+5 halberd of freezing (8)]
  7829 | D:8      | HP: 1/71 [wight/+5 halberd of freezing (4)]
  7829 | D:8      | Slain by a wight

Vanquished Creatures
  A cyclops (D:7)
  Grinder (D:3)
  Sigmund (D:6)
  Eustachio (D:6)
  A steam dragon (D:7)
  Menkaure (D:7)
  2 ice beasts
  An orc warrior (D:7)
  A sky beast (D:5)
  A black bear (D:6)
  2 centaurs
  A kobold brigand (D:7)
  2 bullfrogs (D:7)
  2 scorpions
  6 wights (D:8)
  2 howler monkeys
  4 hounds
  3 jellies
  6 orc priests
  Crazy Yiuf (D:6)
  3 iguanas
  2 gnoll shamans
  5 orc wizards
  7 adders
  9 gnolls
  2 shadow imps
  2 ufetubi
  5 worms
  2 dart slugs
  24 orcs
  7 ball pythons
  6 endoplasms
  6 giant cockroaches
  6 goblins
  9 hobgoblins
  4 jackals (D:1)
  8 kobolds
  7 quokkas
  4 bats (D:1)
  9 frilled lizards
  A goblin skeleton (D:8)
  A kobold skeleton (D:8)
  8 rats
177 creatures vanquished.

Vanquished Creatures (others)
  7 plants (D:1)
7 creatures vanquished.

Grand Total: 184 creatures vanquished

Table legend:
 A = Non-vault XP
 B = Vault XP
 C = Vault XP percentage of total XP
 D = Non-vault monster count
 E = Vault monster count
 F = Vault count percentage of total count
                 A         B        C        D         E       F
            +---------+---------+-------+---------+---------+-------
      Total |    3871 |    1000 |  20.5 |     151 |      26 |  14.7
            +---------+---------+-------+---------+---------+-------
        D:1 |      57 |       7 |  10.9 |      34 |       7 |  17.1
        D:2 |      37 |       0 |   0.0 |       9 |       0 |   0.0
        D:3 |     235 |     280 |  54.4 |      18 |       2 |  10.0
        D:4 |     223 |      86 |  27.8 |      21 |       4 |  16.0
        D:5 |     715 |      14 |   1.9 |      20 |       7 |  25.9
        D:6 |     486 |     454 |  48.3 |      11 |       3 |  21.4
        D:7 |    1571 |     157 |   9.1 |      31 |       1 |   3.1
        D:8 |     547 |       2 |   0.4 |       7 |       2 |  22.2
            +---------+---------+-------+---------+---------+-------

Illustrated notes

Table legend:
 A = Kills in this place as a percentage of kills in entire the game.
 B = Kills by you in this place as a percentage of kills by you in the entire game.
 C = Kills by friends in this place as a percentage of kills by friends in the entire game.
 D = Other kills in this place as a percentage of other kills in the entire game.
 E = Experience gained in this place as a percentage of experience gained in the entire game.
 F = Experience gained in this place divided by the number of levels of this place that you have seen.
                   A       B       C       D       E      F
               +-------+-------+-------+-------+-------+----------------------
         Total | 100.0 | 100.0 |   N/A |   N/A | 100.0 | 608.9
       Dungeon | 100.0 | 100.0 |   N/A |   N/A | 100.0 | 608.9
               +-------+-------+-------+-------+-------+----------------------

Table legend: (Time is in decaauts)
 A = Elapsed time spent in this place.
 B = Non-inter-level travel time spent in this place.
 C = Inter-level travel time spent in this place.
 D = Time resting spent in this place.
 E = Time spent auto-exploring this place.
 F = Levels seen in this place.
 G = Mean time per level.
                   A        B        C        D        E       F      G
               +--------+--------+--------+--------+--------+-----+--------+
         Total |   8090 |   7870 |    220 |   1370 |   5241 |   8 | 1011.2 |
       Dungeon |   8090 |   7870 |    220 |   1370 |   5241 |   8 | 1011.2 |
               +--------+--------+--------+--------+--------+-----+--------+

Top non-repeatable levels by time:
     D:7: 1557 daAuts
     D:6: 1521 daAuts
     D:3: 1066 daAuts
     D:1: 1044 daAuts
     D:2: 992 daAuts
     D:4: 967 daAuts
     D:5: 834 daAuts
     D:8: 105 daAuts
